 Dungeon Crawl Stone Soup version 0.14-a0-445-g388476e (webtiles) character file.

75573 PolkaDot the Bewitcher (level 15, -11/90 HPs)
             Began as a Vampire Enchanter on Oct 29, 2013.
             Was the Champion of Sif Muna.
             Mangled by an ogre
             ... wielding a +0,+0 giant spiked club
              (29 damage)
             ... on Level 4 of the Orcish Mines.
             The game lasted 03:34:59 (28988 turns).

PolkaDot the Bewitcher (Vampire Enchanter)         Turns: 28988, Time: 03:35:00

HP -11/90        AC  8     Str 10 (11) XL: 15   Next:  3%
MP  21/29        EV 17     Int 24      God: Sif Muna [******]
Gold 2296        SH  0     Dex 15      Spells:  8 memorised,  1 level left

Res.Fire  : . . .   See Invis. : +   J - +3,+2 orc dagger (venom)
Res.Cold  : . . .   Warding    : .   q - +0 troll leather armour
Life Prot.: + . .   Conserve   : .   (no shield)
Res.Poison: +       Res.Corr.  : .   H - +2 elf cap {Int+3}
Res.Elec. : .       Clarity    : +   (no cloak)
Sust.Abil.: . .     Spirit.Shd : .   n - +0 pair of gloves
Res.Mut.  : .       Stasis     : .   (no boots)
Res.Rott. : .       Flight     : .   w - amulet of clarity
Saprovore : . . .                    K - ring of poison resistance
                                     R - +2 ring of strength

@: very slightly contaminated, quite resistant to hostile enchantments,
extraordinarily stealthy
A: bottle blood, fangs 3, horns 1, see invisible, clarity, deterioration 1, spit
poison 1, unbreathing, Str +2
a: Spit Poison, Bat Form, Bottle Blood, Channel Energy, Forget Spell, Renounce
Religion


You were on level 4 of the Orcish Mines.
You worshipped Sif Muna.
Sif Muna was exalted by your worship.
You were not thirsty.

You visited 3 branches of the dungeon, and saw 27 of its levels.
You also visited: Ossuary and Bailey.

You collected 2360 gold pieces.
You spent 84 gold pieces at shops.

Inventory:

Hand weapons
 a - a +3,+0 long sword of freezing
 J - a +3,+2 orcish dagger of venom (weapon)
Armour
 n - a +0 pair of gloves (worn)
 p - a +0 pearl dragon armour
 q - a +0 troll leather armour (worn)
 H - a +2 elven cap of intelligence (worn)
 M - a +2 robe of fire resistance
 N - a +1 dwarven buckler
 S - a +1 elven cloak
Magical devices
 c - a wand of digging (7)
 e - a wand of disintegration (3)
Scrolls
 b - 6 scrolls of teleportation
 i - a scroll of amnesia
 j - 8 scrolls of recharging
 k - a scroll of holy word {unknown}
 o - 3 scrolls of magic mapping
 r - a scroll of blinking
 u - 3 scrolls of enchant weapon II
 x - 2 scrolls of enchant armour
 B - a scroll of silence
 G - 4 scrolls of identify
 P - 4 scrolls of remove curse
Jewellery
 g - an uncursed amulet of resist corrosion
 w - an amulet of clarity (around neck)
 z - an uncursed ring of wizardry
 C - an uncursed ring of sustenance
 D - a +3 ring of protection
 K - a ring of poison resistance (right hand)
 R - a +2 ring of strength (left hand)
 V - an uncursed ring of teleportation
Potions
 f - 2 potions of speed
 h - 3 potions of flight
 m - a potion of magic
 s - 11 potions of curing
 v - 3 potions of brilliance
 F - a potion of heal wounds
 I - 2 potions of resistance
 L - 6 potions of restore abilities
Books
 U - Smeelem's Tome of Fascination
   (Sif Muna gifted it to you on level 8 of the Lair of Beasts)

   Spells                             Type                      Level
   Confusing Touch                    Hexes                        1
   Sure Blade                         Hexes/Charms                 2
   Inner Flame                        Hexes/Fire                   3
   Cause Fear                         Hexes                        4
   *Enslavement                       Hexes                        4
   *Metabolic Englaciation            Hexes/Ice                    6
Magical staves
 l - an uncursed staff of air


   Skills:
 - Level 5.5 Short Blades
 - Level 7.3 Long Blades
 - Level 0.7 Throwing
 - Level 5.2 Armour
 - Level 10.1 Dodging
 + Level 17.9 Stealth
 - Level 6.5 Spellcasting
 - Level 20.2 Hexes
 - Level 3.1 Translocations
 * Level 9.0 Air Magic
 - Level 4.1 Invocations


You had one spell level left.
You knew the following spells:

 Your Spells              Type           Power        Failure   Level  Hunger
a - Apportation           Tloc           ###.......   1%          1    None
d - Ensorcelled Hibernat  Hex/Ice        ######       1%          2    None
z - Mephitic Cloud        Conj/Pois/Air  ###.....     10%         3    #......
A - Corona                Hex            #######      0%          1    None
C - Confuse               Hex            #######.     0%          3    #......
D - Metabolic Englaciati  Hex/Ice        ######....   21%         6    ######.
E - Enslavement           Hex            #######.     1%          4    ###....
I - Invisibility          Hex            #######.     1%          6    ######.


Dungeon Overview and Level Annotations

Branches:
Dungeon (15/27)            Temple (0/1) D:7             Orc (4/4) D:7
    Elf (0/3) Orc:4          Lair (8/8) D:11         Shoals (0/5) Lair:6
  Snake (0/5) Lair:3        Slime (0/6) Lair:8
 Vaults: D:15-20

Altars:
Ashenzari
Cheibriados
Kikubaaqudgha
Sif Muna
the Shining One

Shops:
D:8 (   D:15 ==   Orc:1 !(   Orc:2 [   Orc:4 *[=+

Portals:
Trove: D:13 (give +6,+4 demon trident)

Annotations:
D:15 Aizul
Orc:1 Blork the orc, Gastronok


Innate Abilities, Weirdness & Mutations

You can bottle blood from corpses.
You have razor-sharp teeth.*
You have supernaturally acute eyesight.
You can survive without breathing.*
You have a pair of small horns on your head.*
You possess an exceptional clarity of mind.+ Your body is slowly deteriorating.+ You can spit poison.+ Your muscles are strong. (Str +2)


Message History

You kill the two-headed ogre!
The ogre mage points at the ogre mage and mumbles some strange words.
The ogre mage seems to speed up.
Casting: Ensorcelled Hibernation
Confirm with . or Enter, or press ? or * to list all spells.
Aiming: Ensorcelled Hibernation
Press: ? - help, Shift-Dir - straight line, f/p - ogre
Aim: an ogre, wielding a giant spiked club (moving very quickly)
The ogre resists.
The ogre misses you.
The ogre mage hits you but does no damage.
The ogre mage gestures at the ogre mage while chanting.
The ogre mage seems to speed up.
The ogre misses you.
Casting: Ensorcelled Hibernation
Confirm with . or Enter, or press ? or * to list all spells.
Aiming: Ensorcelled Hibernation
Press: ? - help, Shift-Dir - straight line, f/p - ogre
Aim: an ogre, wielding a giant spiked club (moving very quickly)
The ogre struggles to resist.
The ogre mage misses you.
The ogre hits you with a giant spiked club!
You die...

..........#....# ..#...OO...
...............### #..#.OOOOO..
.....#...........## ##..##.OOOOO#
......#...........###...##.OOOO.#
...................#.)..###OO.O##
...............##...#....###..###
..............####..#........O...
................##O.O............
................@OO..O.O........<
..........#.....##..O..O..#..%...
................###..............
............)..####....##........
................#.#.....##.......
.....)#........#.......##........
.........).#.#.##..#...###.......
......#.....#.......#.## #...)...
.....................## ##......


You could see 3 ogre magi, 2 two-headed ogres and 3 ogres.

Vanquished Creatures
  Maud (Lair:3)
  An orc warlord (Bailey)
  Josephine (D:12)
  The ghost of confidenceinterval the Protected, a powerful DsFi of Okawaru (Lair:2)
  5 hydras
  Erica (Lair:1)
  20 death yaks
  A centaur warrior (D:14)
  Nergalle (Orc:2)
  Erolcha (Orc:1)
  3 catoblepae (Lair:8)
  2 unseen horrors
  Pikel (D:4)
  4 hill giants
  3 orc knights (Bailey)
  5 oklob plants (Lair:1)
  A griffon (Lair:5)
  4 cyclopes
  4 black mambas
  A guardian serpent (D:9)
  A spiny worm (Lair:7)
  3 elephants (Lair:3)
  An item mimic (Lair:8)
  6 spiny frogs
  A fire drake (Lair:7)
  11 blink frogs
  3 komodo dragons
  5 trolls
  10 slime creatures
  3 two-headed ogres
  4 boulder beetles (Lair:6)
  A griffon zombie (D:13)
  A basilisk (D:12)
  A griffon skeleton (D:14)
  10 ugly things
  53 yaks
  2 hill giant zombies
  2 wyverns
  2 water elementals (D:14)
  2 wraiths (D:14)
  3 fire elementals (D:13)
  Grum (Orc:1)
  3 hungry ghosts
  A steam dragon (D:12)
  2 hill giant skeletons
  18 wolves
  A soldier ant (D:12)
  Edmund (D:7)
  6 hippogriffs
  A manticore (D:12)
  2 nagas (Lair:3)
  7 porcupines
  2 sky beasts
  2 ice beasts
  2 phantoms
  A yellow wasp (D:10)
  5 deep dwarves
  8 ogres
  32 orc warriors
  8 centaurs
  4 crocodiles
  2 slaves (D:4)
  Duvessa (D:4)
  2 big kobolds
  4 wargs (D:10)
  5 giant slugs
  A gnoll sergeant (D:8)
  A giant slug zombie (D:12)
  7 agate snails
  15 giant frogs
  10 water moccasins
  2 wyvern zombies
  A cyclops skeleton (D:14)
  2 troll zombies
  4 killer bees (D:10)
  A yak zombie (D:13)
  A troll skeleton (D:12)
  9 wights
  A vampire bat (Lair:2)
  2 goliath beetles
  A wyvern simulacrum (D:13)
  An electric eel (D:14)
  Dowan (D:4)
  A giant frog zombie (D:12)
  A jelly (D:7)
  A giant frog skeleton (D:5)
  Crazy Yiuf (D:7)
  3 big fish
  8 crimson imps
  7 hounds
  3 human zombies (D:14)
  3 scorpions
  3 iguanas
  23 orc wizards
  A water moccasin skeleton (D:5)
  19 orc priests
  7 sheep (Lair:8)
  10 worker ants
  2 big kobold zombies (Ossuary)
  5 ogre zombies (D:7)
  A yak simulacrum (D:13)
  A giant frog simulacrum (D:12)
  A mottled dragon skeleton (D:14)
  6 mummies
  A hound skeleton (D:4)
  47 green rats
  13 adders
  3 giant centipedes
  21 gnolls
  A mottled dragon simulacrum (D:13)
  3 giant mites
  3 worms
  2 adder skeletons (D:4)
  An adder zombie (Ossuary)
  3 giant eyeballs
  5 giant geckos
  An ooze (D:4)
  157 orcs
  3 ball pythons
  6 giant cockroaches
  22 hobgoblins
  14 jackals
  8 quokkas
  26 bats
  6 giant newts
  3 giant spores
  41 goblins
  7 goblin zombies
  A hobgoblin skeleton (D:7)
  4 hobgoblin zombies
  A human skeleton (D:14)
  A jackal skeleton (D:6)
  2 jackal zombies (Ossuary)
  22 kobolds
  A kobold zombie (Ossuary)
  3 orc skeletons
  13 orc zombies
  14 rats
  2 rat zombies
  8 ballistomycetes
  A plant (Lair:1)
944 creatures vanquished.

Vanquished Creatures (collateral kills)
  An elephant (Lair:3)
1 creature vanquished.

Vanquished Creatures (others)
  A slave (D:4)
  An orc wizard (D:4)
  An orc (Orc:3)
  5 fungi
  2 plants
10 creatures vanquished.

Grand Total: 955 creatures vanquished

Notes
Turn   | Place    | Note
--------------------------------------------------------------
     0 | D:1      | PolkaDot, the Vampire Enchanter, began the quest for the Orb.
     0 | D:1      | Reached XP level 1. HP: 13/13 MP: 4/4
   201 | D:1      | Reached XP level 2. HP: 16/19 MP: 5/5
   550 | D:1      | Found a glowing golden altar of the Shining One.
  1031 | D:2      | Reached XP level 3. HP: 11/24 MP: 6/6
  1331 | D:2      | Learned a level 3 spell: Confuse
  1423 | D:2      | Reached skill level 5 in Hexes
  1901 | D:2      | Reached XP level 4. HP: 23/30 MP: 8/8
  2320 | D:3      | Noticed an ogre
  2364 | D:3      | Killed an ogre
  2364 | D:3      | Reached skill level 5 in Stealth
  2364 | D:3      | Reached skill level 6 in Hexes
  2364 | D:3      | Reached XP level 5. HP: 15/35 MP: 1/9
  2758 | D:4      | Noticed a slave
  2784 | D:4      | Noticed Dowan
  3373 | D:4      | Noticed a slave
  3373 | D:4      | Noticed a slave
  3515 | D:4      | Reached skill level 7 in Hexes
  3515 | D:4      | Reached XP level 6. HP: 29/41 MP: 6/10
  4009 | D:4      | Noticed Duvessa
  4016 | D:4      | Killed Dowan
  4031 | D:4      | Killed Duvessa
  4182 | D:4      | Noticed a slave
  4183 | D:4      | Noticed Pikel
  4231 | D:4      | Killed a slave
  4247 | D:4      | Killed a slave
  4576 | D:4      | Killed Pikel
  4576 | D:4      | Reached skill level 9 in Hexes
  4576 | D:4      | Reached XP level 7. HP: 29/46 MP: 2/11
  4654 | D:4      | Killed a freed slave
  4794 | D:4      | Noticed a hippogriff
  4816 | D:4      | Killed a hippogriff
  4816 | D:4      | Reached skill level 5 in Dodging
  4816 | D:4      | Reached XP level 8. HP: 37/52 MP: 7/13
  4913 | D:5      | Entered Level 5 of the Dungeon
  4933 | D:4      | Reached skill level 10 in Hexes
  5509 | D:5      | Learned a level 6 spell: Invisibility
  5953 | D:5      | Reached skill level 11 in Hexes
  6547 | D:6      | Found a deep blue altar of Sif Muna.
  6553 | D:6      | Became a worshipper of Sif Muna the Loreminder
  6676 | D:6      | Reached skill level 12 in Hexes
  6676 | D:6      | Reached XP level 9. HP: 20/57 MP: 2/15
  7006 | D:6      | Reached skill level 10 in Stealth
  7053 | D:6      | Found a snail-covered altar of Cheibriados.
  7053 | D:6      | Found a shattered altar of Ashenzari.
  7756 | D:7      | Noticed Edmund
  7763 | D:7      | Killed Edmund
  7763 | D:7      | Reached skill level 13 in Hexes
  7790 | D:7      | Found a staircase to the Orcish Mines.
  7833 | D:7      | Acquired Sif Muna's first power
  8252 | D:7      | Found a staircase to the Ecumenical Temple.
  8338 | D:7      | Reached skill level 14 in Hexes
  8581 | D:7      | Noticed Crazy Yiuf
  8587 | D:7      | Killed Crazy Yiuf
  9076 | D:8      | Found Giwkier's Weapon Boutique.
  9093 | D:8      | Reached XP level 10. HP: 63/63 MP: 17/17
  9412 | D:8      | Found a sand-covered staircase.
  9434 | Ossuary  | Entered an ossuary
 10043 | D:8      | Learned a level 2 spell: Ensorcelled Hibernation
 10635 | D:9      | Noticed a guardian serpent
 10657 | D:9      | Killed a guardian serpent
 11042 | D:10     | Entered Level 10 of the Dungeon
 11043 | D:10     | Noticed an unseen horror
 11046 | D:10     | Killed an unseen horror
 11071 | D:10     | Acquired Sif Muna's second power
 11310 | D:10     | Noticed a hill giant
 11315 | D:10     | Killed a hill giant
 11315 | D:10     | Reached skill level 15 in Hexes
 11391 | D:10     | Reached skill level 10 in Dodging
 11459 | D:10     | Identified a -2 rod of the swarm (9/9) (You found it on level 10 of the Dungeon)
 11716 | D:10     | HP: 2/63 [orc warrior/orcish long sword (12)]
 12000 | D:10     | Reached XP level 11. HP: 68/68 MP: 19/19
 12119 | D:11     | Noticed a hill giant
 12121 | D:11     | Killed a hill giant
 12134 | D:11     | Noticed a hill giant
 12202 | D:11     | Found a staircase to the Lair.
 12268 | D:11     | Killed a hill giant
 12616 | D:11     | Noticed an eight-headed hydra
 12618 | D:11     | Killed an eight-headed hydra
 12618 | D:11     | Reached skill level 5 in Spellcasting
 13061 | D:12     | Noticed Josephine
 13089 | D:12     | Killed Josephine
 13089 | D:12     | Reached skill level 16 in Hexes
 13178 | D:12     | Found a flagged portal.
 13194 | Bailey   | Entered a bailey
 13324 | Bailey   | Learned a level 4 spell: Enslavement
 13427 | Bailey   | Reached skill level 1 in Long Blades
 13951 | Bailey   | Noticed an orc warlord
 14604 | Bailey   | Killed an orc warlord
 14604 | Bailey   | Reached skill level 5 in Long Blades
 14604 | Bailey   | Reached skill level 15 in Stealth
 14604 | Bailey   | Reached XP level 12. HP: 63/74 MP: 25/25
 15117 | D:13     | Acquired Sif Muna's third power
 15921 | D:13     | Found a portal to a secret trove of treasure.
 16258 | D:13     | Reached skill level 17 in Hexes
 16975 | D:14     | Entered Level 14 of the Dungeon
 17095 | Lair:1   | Entered Level 1 of the Lair of Beasts
 17167 | Lair:1   | Noticed Erica
 17174 | Lair:1   | Killed Erica
 17348 | Lair:1   | Reached skill level 5 in Short Blades
 17726 | Lair:1   | Reached skill level 18 in Hexes
 18249 | Lair:2   | Reached skill level 1 in Invocations
 18249 | Lair:2   | Reached XP level 13. HP: 79/79 MP: 26/26
 18259 | Lair:2   | Noticed confidenceinterval's ghost (powerful DsFi)
 18273 | Lair:2   | Killed confidenceinterval's ghost
 18463 | Lair:2   | Gained mutation: You have a pair of small horns on your head. [potion of beneficial mutation]
 18464 | Lair:2   | Gained mutation: Your muscles are strong. (Str +2) [potion of beneficial mutation]
 18745 | Lair:3   | Noticed Maud
 18761 | Lair:3   | Killed Maud
 18781 | Lair:3   | Found a staircase to the Snake Pit.
 19325 | Lair:3   | Learned a level 1 spell: Apportation
 19527 | Lair:3   | Reached skill level 1 in Translocations
 20374 | Lair:4   | Reached skill level 19 in Hexes
 20965 | Lair:5   | Learned a level 3 spell: Mephitic Cloud
 21048 | Lair:5   | Reached skill level 1 in Air Magic
 21655 | Lair:6   | Received a gift from Sif Muna
 21656 | Lair:6   | Identified Sif Muna's Incunabulum of the Oath (Sif Muna gifted it to you on level 6 of the Lair of Beasts)
 21673 | Lair:6   | Found a staircase to the Shoals.
 22522 | Lair:7   | Reached skill level 1 in Armour
 22550 | Lair:7   | Reached XP level 14. HP: 85/85 MP: 21/27
 22552 | Lair:7   | Reached skill level 5 in Air Magic
 23367 | Lair:8   | Entered Level 8 of the Lair of Beasts
 23604 | Lair:8   | Found a staircase to the Slime Pits.
 23944 | Lair:8   | Received a gift from Sif Muna
 23944 | Lair:8   | Reached skill level 20 in Hexes
 23945 | Lair:8   | Identified Smeelem's Tome of Fascination (Sif Muna gifted it to you on level 8 of the Lair of Beasts)
 24145 | Lair:8   | Identified the Volume of Clay
 24428 | Lair:8   | HP: 1/85 [wolf (10)]
 25479 | D:14     | Found a snail-covered altar of Cheibriados.
 26515 | D:14     | Found an ancient bone altar of Kikubaaqudgha.
 26606 | D:14     | Reached skill level 5 in Armour
 26914 | D:15     | Entered Level 15 of the Dungeon
 26953 | D:15     | Found Femas' Jewellery Boutique.
 26961 | D:15     | Found Psackon's Jewellery Boutique.
 27050 | D:15     | Noticed Aizul
 27477 | Orc:1    | Entered Level 1 of the Orcish Mines
 27477 | Orc:1    | Noticed Gastronok
 27477 | Orc:1    | Noticed Erolcha
 27479 | Orc:1    | Killed Erolcha
 27544 | Orc:1    | Learned a level 6 spell: Metabolic Englaciation
 27553 | Orc:1    | Found Gazoatiw's Distillery.
 27564 | Orc:1    | Found Uzxyox's Antique Weapon Shop.
 27582 | Orc:1    | Bought a potion of magic for 84 gold pieces
 27598 | Orc:1    | Noticed Grum
 27604 | Orc:1    | Killed Grum
 27614 | Orc:1    | Noticed Blork the orc
 27620 | Orc:2    | Found Trei's Armour Boutique.
 27933 | Orc:2    | Noticed Nergalle
 27999 | Orc:2    | Killed Nergalle
 28096 | Orc:2    | Reached XP level 15. HP: 90/90 MP: 20/29
 28455 | Orc:3    | Gained mutation: Your body is slowly deteriorating. [potion of mutation]
 28455 | Orc:3    | Gained mutation: You can spit poison. [potion of mutation]
 28455 | Orc:3    | Gained mutation: You possess an exceptional clarity of mind. [potion of mutation]
 28676 | Orc:4    | Entered Level 4 of the Orcish Mines
 28712 | Orc:4    | Found a staircase to the Elven Halls.
 28949 | Orc:4    | Found Guepikat's Armour Shop.
 28949 | Orc:4    | Found Caejootz's Book Shoppe.
 28950 | Orc:4    | Found Ketaan's Assorted Antiques.
 28950 | Orc:4    | Found Suuty's Jewellery Shop.
 28978 | Orc:4    | Paralysed by an ogre mage for 5 turns
 28988 | Orc:4    | Mangled by an ogre

Action                   |  1- 3 |  4- 6 |  7- 9 | 10-12 | 13-15 || total
-------------------------+-------+-------+-------+-------+-------++-------
Melee: Dagger            |   193 |   133 |   346 |   682 |   621 ||  1975
       Short sword       |     3 |    90 |    19 |    40 |       ||   152
       Unarmed           |       |       |     2 |       |       ||     2
       Long sword        |       |       |       |    10 |    40 ||    50
Throw: Dart              |       |       |       |     5 |       ||     5
 Cast: Confuse           |       |    25 |    51 |    61 |    33 ||   170
       Invisibility      |       |       |    14 |    43 |    38 ||    95
       Ensorcelled Hiber |       |       |       |    89 |   190 ||   279
       Corona            |       |       |       |     6 |     4 ||    10
       Enslavement       |       |       |       |       |     2 ||     2
       Metabolic Englaci |       |       |       |       |     6 ||     6
       Mephitic Cloud    |       |       |       |       |     1 ||     1
Invok: Channel Energy    |       |       |       |    10 |    98 ||   108
Evoke: Wand              |       |       |     1 |    11 |     3 ||    15
  Use: Scroll            |       |    10 |     8 |    20 |    24 ||    62
       Potion            |       |     5 |     4 |    10 |    13 ||    32
 Stab: Sleeping          |     6 |     9 |    79 |   224 |   342 ||   660
       Confused          |       |     9 |    29 |    18 |     8 ||    64
       Distracted        |       |     1 |     1 |     1 |     3 ||     6
       Invisible         |       |       |     6 |    24 |    35 ||    65
